Cogmind - Beta 13 @@@ ROGUE MODE // 2024.04.01 @ 16:08:28 Player: Lum4r Result: Destroyed by G-34 Mercenary with Small Laser Performance ------------- Evolutions (1) 500 Regions Visited (2) 400 Robots Destroyed (30) 150 Value Destroyed (574) 574 Prototype IDs (2) 40 Alien Tech Used (0) 0 Bonus (109) 109 TOTAL SCORE: 1773 Bonus ------- High Alert Combat Kills 109 Cogmind --------- Core Integrity 0/400 Matter 73/300 Energy 265/265 System Corruption 2% Temperature Warm (120) Movement Core (250) Ox4 Location -9/Materials Parts ------- > --- POWER (1) -------- Improved Ion Engine > --- PROPULSION (2) --- (None) > --- UTILITY (3) ------ (None) > --- WEAPON (3) ------- Beam Rifle Spread Laser > --- INVENTORY (5) ---- Improved Terrain Scanner Peak State ------------ > --- POWER ------------ Light Ion Engine > --- PROPULSION ------- Improved Hover Unit Improved Hover Unit > --- UTILITY ---------- Large Battery Improved Terrain Scanner Seismic Detector > --- WEAPON ----------- Mini Grenade Launcher Mini Grenade Launcher > --- INVENTORY -------- Flight Unit High-capacity Matter Pod Mining Laser [Rating: 14] Favorites ----------- Power Light Ion Engine Engine Light Ion Engine Propulsion Wheel Treads Light Treads Leg Aluminum Leg Wheel Wheel Hover Unit Improved Hover Unit Flight Unit Flight Unit Utility Improved Terrain Scanner Device Improved Terrain Scanner Storage Large Battery Processor Targeting Computer Protection Hardened Light Armor Plating Weapon Light Assault Rifle Energy Gun Spread Laser Ballistic Gun Light Assault Rifle Ballistic Cannon Improved Light Cannon Launcher Mini Grenade Launcher Special Weapon Welding Torch Build | -11 -10 -9 ------- Run | Yrd Mat Mat Slots Evolved 2 | . . 2 Power . | . . . Propulsion . | . . . Utility 1 | . . 1 Weapon 1 | . . 1 Parts Attached 47 | 16 17 14 Power 3 | 2 . 1 Engine 3 | 2 . 1 Core . | . . . Reactor . | . . . Propulsion 17 | 9 5 3 Treads 1 | . . 1 Leg 5 | 5 . . Wheel 4 | 4 . . Hover 4 | . 4 . Flight 3 | . 1 2 Utility 9 | 2 3 4 Device 4 | 2 1 1 Storage 3 | . 2 1 Processor 1 | . . 1 Hackware . | . . . Protection 1 | . . 1 Artifact . | . . . Weapon 18 | 3 9 6 Energy Gun 3 | . 1 2 Energy Cannon . | . . . Ballistic Gun 5 | 2 1 2 Ballistic Cannon 1 | . 1 . Launcher 6 | . 5 1 Special Weapon 3 | 1 1 1 Impact Weapon . | . . . Slashing Weapon . | . . . Piercing Weapon . | . . . Special Melee Weapon . | . . . Unidentified Prototypes . | . . . Parts Lost 11 | . 2 9 Power 1 | . . 1 Propulsion 3 | . . 3 Utility 3 | . 1 2 Weapon 4 | . 1 3 Highest Loss Streak 9 | . 2 9 To Critical Strikes . | . . . Average Slot Usage (%) 80 | . 96 63 Engine 11 | . 14 8 Wheel 6 | . 12 . Hover 9 | . 15 3 Flight 5 | . . 11 Device 14 | . 19 10 Storage 4 | . 7 2 Processor 2 | . . 5 Energy Gun 1 | . . 3 Ballistic Gun 2 | . 4 . Launcher 17 | . 19 16 Special Weapon 2 | . 1 2 Naked Turns 9 | . . 9 Heaviest Build 13 | 7 12 13 Greatest Support 20 | 20 20 20 Greatest Overweight (x) 4 | . 1 4 Average Overweight (x) . | . . . Largest Inventory Capacity 5 | 5 5 5 Average Capacity 5 | 5 5 5 Most Carried 5 | 5 5 5 Average Carried 3 | 3 3 1 Final Capacity 5 | 5 5 5 Final Carried 5 | 5 3 1 Class Distribution -------------------- 94% | Mutant 5% | Gunner Dominant Class ---------------- Mutant | -10/Materials Mutant | -9/Materials Resources | -11 -10 -9 ----------- Run | Yrd Mat Mat Matter Collected 660 | 366 22 272 Remotely . | . . . Salvage Created 465 | 108 38 319 Parts 47 | 7 5 35 Haulers Intercepted . | . . . Recyclers Shooed 1 | . 1 . Parts Field Recycled . | . . . Retrieved Matter . | . . . Parts Self-Destructed . | . . . Prevented . | . . . Kills | -11 -10 -9 ------- Run | Yrd Mat Mat Combat Hostiles Destroyed 21 | 1 . 20 Guns 2 | 1 . 1 AOE 19 | . . 19 Classes Destroyed 8 | 3 1 4 Worker 2 | 1 . 1 Builder 1 | . . 1 Tunneler 2 | 2 . . Recycler 1 | . . 1 Watcher 3 | . 2 1 Swarmer 12 | . . 12 Grunt 6 | 1 . 5 Sentry 3 | . . 3 Best Kill Streak 15 | 1 1 15 Combat Bots Only 13 | 1 . 13 Max Kills in Single Turn 4 | 1 1 4 Gunslinging . | . . . Exploded 4 | . . 4 Melee . | . . . Uniques/NPCs Destroyed . | . . . Combat | -11 -10 -9 -------- Run | Yrd Mat Mat Hostile Shots Fired 97 | 2 . 95 Missed 46 | 1 . 45 Damage Taken 1031 | 11 193 827 Core 465 | . 65 400 Absorbed by Shields . | . . . Core Remaining (%) 87 | 100 74 . Volleys Fired 71 | 18 7 46 Largest 2 | 2 2 2 Hottest 121 | 100 100 121 Shots Fired 95 | 35 9 51 Gun 52 | 34 . 18 Cannon . | . . . Launcher 29 | . 4 25 Special 14 | 1 5 8 Kinetic 39 | 34 . 5 Thermal 27 | 1 5 21 Explosive 29 | . 4 25 Electromagnetic . | . . . Robot Hit Streak 9 | 9 2 8 Robot Miss Streak 5 | 3 . 5 Penetration Max . | . . . Secondary Targets . | . . . Shots Hit Robots 54 | 21 1 32 Core Hits 55 | 7 2 46 Critical Kills . | . . . Critical Parts Destroyed . | . . . Critical Strikes . | . . . Melee Attacks . | . . . Impact . | . . . Slashing . | . . . Piercing . | . . . Sneak Attacks . | . . . Combat Hostiles . | . . . Follow-up Attacks . | . . . Damage Inflicted 2191 | 171 170 1850 Guns 331 | 171 . 160 Cannons . | . . . Explosions 1826 | . 170 1656 Melee . | . . . Ramming 25 | . . 25 Kinetic 185 | 171 . 14 Thermal 155 | . . 155 Explosive 1826 | . 170 1656 Electromagnetic . | . . . Impact . | . . . Slashing . | . . . Piercing . | . . . Highest Corruption 6 | . 6 2 Average Corruption 4 | . 6 1 Corruption Purged . | . . . Corruption Blocked . | . . . Effects 9 | . 8 1 Message Errors 2 | . 2 . Heat Flow Errors 2 | . 2 . Energy Discharges 2 | . 2 . Parts Rejected 1 | . . 1 Data Loss (major) 2 | . 2 . Overload Shots . | . . . Overflow Damage 4 | . . 4 Projectiles . | . . . Explosions 4 | . . 4 Melee . | . . . Knockbacks . | . . . Impact . | . . . Kinetic . | . . . Secondary . | . . . Self-Inflicted Damage 182 | . . 182 Shots 6 | . . 6 Rammed 4 | . . 4 Targets Rammed 4 | . . 4 Kicked . | . . . Crushed . | . . . Highest Temperature 263 | 20 263 114 Average Temperature 55 | 12 72 30 Received Heat Transfer 186 | 6 . 180 Siege Activations . | . . . Robots Corrupted . | . . . Combat Hostiles . | . . . Parts Fried . | . . . Impact Corruptions . | . . . Robots Melted . | . . . Combat Hostiles . | . . . Parts Melted . | . . . Heat Transferred 294 | . . 294 Parts Sabotaged . | . . . Parts Stolen . | . . . Parts Stripped . | . . . Power Chain Reactions . | . . . Alert | -11 -10 -9 ------- Run | Yrd Mat Mat Peak Influence 828 | 25 83 828 Initial 3 | . 3 . Average 99 | 6 16 390 Maximum Alert Level 3 | . . 3 Low Security (%) 79 | 100 100 13 Level 1 12 | . . 52 Level 2 4 | . . 17 Level 3 4 | . . 17 Level 4 . | . . . Level 5 . | . . . High Security . | . . . Max Security . | . . . Squads Dispatched 5 | . 1 4 Investigation 3 | . 1 2 Extermination . | . . . Reinforcement 1 | . . 1 Assault 1 | . . 1 Garrison . | . . . Intercept . | . . . Searches Triggered . | . . . Construction Impeded . | . . . Haulers Reinforced . | . . . Active Scanning Responses . | . . . Cargo Convoy Interrupts . | . . . Stealth | -11 -10 -9 --------- Run | Yrd Mat Mat Distress Signals . | . . . Communications Jammed . | . . . Distress Signals . | . . . Times Spotted 38 | 1 3 34 Peak Tracking Total 11 | 1 2 11 Tactical Retreats 3 | . . 3 Traps | -11 -10 -9 ------- Run | Yrd Mat Mat Traps Triggered . | . . . Indirectly . | . . . Trap Hack Attempts . | . . . Triggered . | . . . Disarmed . | . . . Reprogrammed . | . . . Reused . | . . . Traps Extracted . | . . . Installed . | . . . Triggered . | . . . Machines | -11 -10 -9 ---------- Run | Yrd Mat Mat Machines Disabled 4 | . . 4 Max in Single Turn 1 | . . 1 Machines Repaired . | . . . Machines Dismantled . | . . . Machines Sabotaged . | . . . Overloaded Fab Kills . | . . . Hacking | -11 -10 -9 --------- Run | Yrd Mat Mat Machines Accessed 7 | . 4 3 Terminals 5 | . 3 2 Fabricators . | . . . Repair Stations 1 | . 1 . Recycling Units 1 | . . 1 Scanalyzers . | . . . Garrison Access . | . . . Total Hacks 26 | . 11 15 Successful 11 | . 3 8 Failed 15 | . 8 7 Catastrophic 1 | . 1 . Database Lockouts . | . . . Manual . | . . . Terminals 14 | . 7 7 Fabricators . | . . . Repair Stations 4 | . 4 . Recycling Units 8 | . . 8 Scanalyzers . | . . . Garrison Access . | . . . Terminal Hacks 5 | . 2 3 Record 1 | . 1 . Prototype ID Bank 1 | . 1 . Alert Level 1 | . . 1 Recall Investigation 1 | . . 1 Zone Layout 1 | . . 1 Fabricator Hacks . | . . . Repair Station Hacks 1 | . 1 . Scan Component 1 | . 1 . Recycling Unit Hacks 5 | . . 5 Recycle Component 1 | . . 1 Process 1 | . . 1 Report Inventory 1 | . . 1 Retrieve Matter 2 | . . 2 Scanalyzer . | . . . Garrison Access Hacks . | . . . Unauthorized Hacks . | . . . Terminals . | . . . Fabricators . | . . . Repair Stations . | . . . Recycling Units . | . . . Scanalyzers . | . . . Garrison Access . | . . . Data Cores Recovered . | . . . Used . | . . . Hacking Detections 6 | . 3 3 Full Trace Events 4 | . 2 2 Feedback Events . | . . . Feedback Blocked . | . . . Robot Schematics Acquired . | . . . Robots Built . | . . . Authchips . | . . . Time . | . . . Total Robot Build Rating . | . . . Part Schematics Acquired . | . . . Parts Built . | . . . Authchips . | . . . Time . | . . . Total Part Build Rating . | . . . Parts Repaired . | . . . Time . | . . . Parts Recycled 1 | . . 1 Recycled Matter 40 | . . 40 Retrieved Matter 40 | . . 40 Retrieved Components . | . . . Parts Scanalyzed . | . . . Part Schematics Acquired . | . . . Parts Damaged . | . . . Bothacking | -11 -10 -9 ------------ Run | Yrd Mat Mat Used RIF Installer . | . . . Robots Hacked . | . . . Non-combat . | . . . Combat . | . . . Robot Hacks Applied . | . . . Relay Couplers Released . | . . . Fabnet Peak Effective % . | . . . Robots Rewired . | . . . Allies Hacked . | . . . Hacks Repelled . | . . . Allies | -11 -10 -9 -------- Run | Yrd Mat Mat Total Allies . | . . . Largest Group . | . . . Highest-Rated Group . | . . . Highest-Rated Ally . | . . . Total Orders . | . . . Ally Attacks . | . . . Total Damage . | . . . Kills . | . . . Allies Corrupted . | . . . Allies Melted . | . . . Intel | -11 -10 -9 ------- Run | Yrd Mat Mat Robot Analysis Total . | . . . Derelict Logs Recovered . | . . . Drone Launches . | . . . Drone Recoveries . | . . . Exploration | -11 -10 -9 ------------- Run | Yrd Mat Mat Turns Passed 1845 | 968 438 439 Spaces Moved 1156 | 328 372 456 Core 90 | 28 1 61 Treads 2 | . . 2 Legs 114 | 114 . . Wheels 312 | 186 126 . Hover 322 | . 245 77 Flight 316 | . . 316 Fastest Speed 37 | 50 56 37 Average Speed 67 | 91 64 52 Slowest Speed 250 | 120 100 250 Overloaded Moves . | . . . Propulsion Burnouts . | . . . Robots Hopped 1 | . . 1 Cave-ins Triggered 3 | . 1 2 Exploration Rate (%) 31 | 14 46 35 Regions Visited 2 Branch Regions . Pre-discovered Areas . | . . . Known Exits Taken . | . . . Unknown Exits Taken 2 | 1 1 . Scrap Searched . | . . . Spaces Dug 6 | 1 5 . Terrain Destroyed 213 | 1 31 181 Melee . | . . . Projectile 6 | 1 5 . AOE 207 | . 26 181 Terrain Rammed . | . . . Walls Destroyed . | . . . Machines Disabled . | . . . Actions | -11 -10 -9 --------- Run | Yrd Mat Mat Total 2131 | 966 558 607 Wait 791 | 590 135 66 Move 1151 | 327 370 454 Hop 1 | . . 1 Pick Up 15 | 6 4 5 Fast Attach 28 | 8 10 10 Attach 19 | 8 7 4 Detach 24 | 7 10 7 Swap . | . . . Drop 26 | 2 14 10 Fire 71 | 18 7 46 Melee . | . . . Ram 4 | . . 4 Kick . | . . . Crush . | . . . Escape Stasis 1 | . 1 . Rewire . | . . . Trap . | . . . Miscellaneous . | . . . Route ------- -11/Scrapyard -10/Materials -9/Materials History --------- Turn | Location | Event 2 | -11/Scrapyard | Met Revision 17 210 | -11/Scrapyard | Discovered new exit (range 8) 969 | -11/Scrapyard | Entered Materials 1003 | -10/Materials | Build established: Mutant 1143 | -10/Materials | Crushed by falling debris 1341 | -10/Materials | Discovered new exit (range 16) 1407 | -10/Materials | Entered another Materials area 1407 | -9/Materials | Evolved 2 slots: Utility x1, Weapon x1 1704 | -9/Materials | Core integrity fell below 50% 1735 | -9/Materials | Crushed by falling debris 1750 | -9/Materials | Core integrity fell below 20% 1753 | -9/Materials | Crushed by falling debris 1759 | -9/Materials | Destroyed 13 combat bots 1772 | -9/Materials | Lost 9 parts (1p3n2u3w) 1807 | -9/Materials | First assault squad dispatched 1846 | -9/Materials | Destroyed by G-34 Mercenary with Small Laser Last Messages --------------- K-01 Serf collects debris. Acquired 3 matter. The unstable cave ceiling collapses. [Achievement: Storm Trooper] The unstable cave ceiling collapses. Acquired Imp. Ion Engine. The unstable cave ceiling collapses. ALERT: Significant disruption in Zone 6T, assault force dispatched. [Achievement: Significant Disruption] The achievement interface (ESC then open Records) offers an effective way to explore all of your earned achievements as well as seek out new goals for future runs. Acquired Beam Rifle. C-30 ARC bursts open, deploying its payload. G-47 Trooper unfolds itself. G-34 Mercenary unfolds itself. M-13 Machinist unfolds itself. [Achievement: First Step to Greatness] Map ----- +----------------------------------------------------+ | | | | | | | ?????????????????????????????????????????????????? | | ?????????????????????????????????????????????????? | | ?????????????????????????????????????????????????? | | ?????????????????????????????????????????????????? | | ?????????????????????????????????????????????????? | | ?????????????????????????????????????????????????? | | ?????????????????????????????????????????????????? | | ?????????????????????????????????????????????????? | | ?????????????????????????????????????????????????? | | ?????????????????????????????????????????????????? | | ?????????????????????????????????????????????????? | | ?????????????????????????????????????????????????? | | ??????????????######?????????????????????????????? | | ?????????????? #?????????????????????????????? | | ????????????# """ #?????????????????????????????? | | ????????????# "R #?????????????????????????????? | | ????????????# """ #?????????????????????????????? | | ?????????????? "" #?????????????????????????????? | | ???????????????? #?????????????????????????????? | | ???????????????###+###???????????????????????????? | | ????############ #???????????????????????????? | | ??? #########???????????????????? | | ??? % g @ +???????????????????? | | ??? m#########???????????????????? | | ????############ #???????????????????????????? | | ?????????######### ####??????????????????????????? | | ????????? # #??????????????????????????? | | # " """ # # #??????????????????????????? | | """" # #??????????????????????????? | | # """ ## #??????????????????????????? | | %[ # #??????????????????????????? | | ## #### ## #??????????????????????????? | | #/##### ##### # ## #??????????????????????????? | | ## ## # # ##??????????????????????????? | | ## # # ##??????????????????????????? | | # # # # ##?????????????????????????? | | *# #######???????????????????? | | [+% # #???????????????????? | | # #???????????????????? | | # # ## # "" #???????????????????? | | # % ## # "T #???????????????????? | | ###### =# # # "" #???????????????????? | | #### T" ### # ## #???????????????????? | | ## "" #?#########+###???????????????????? | | ## #??????# ?????????????????????? | | ## #??????# ?????????????????????? | | ######### #??????# ?????????????????????? | +----------------------------------------------------+ Best States ------------- Heat Dissipation 28 Energy Generation 12 Energy Capacity 325 Matter Stores 300 Matter Capacity 500 Sight Range 16 Terrain Scan Range 16 Terrain Scan Density 10 Evasion (%) 62 Targeting Accuracy 5 Recoil Reduction 1 Item Schematics ----------------- None Robot Schematics ------------------ None Fabricated ------------ Nothing Alien Tech Used ----------------- None Achievements -------------- First Step to Greatness GoHome() Let's See Who's Tougher One Hack Too Far Oops Remodeling Significant Disruption Storm Trooper Uninvited Guest Universal Adapter Unlikely Earthworm Challenges ------------ None Game ------ Seed LinearMicrowarpModule Manual? 0 Play Time 00:44:21 Cumulative 0.6 hours Start 2024.04.01 @ 15:24:11 End 2024.04.01 @ 16:08:28 Sessions 1 Manual Loads 0 Difficulty Rogue Special Mode None Game No. 1 Rogue 1 Adventurer 0 Explorer 0 Win Type - Total 0 Types 0/0/0/0/0/0/0/0/0 Lore% 0 Gallery% 2 Achievement% 4 Wizard Run 0 Options --------- Layout 1 ASCII 0 Keyboard 1 Movement Numpad Keybinds 0 Fullscreen 1 Font 24/Terminus Map View 50x35 Zoom Use 0% Tactical HUD 0 Map Filters NONE Filters NONE Steam 1 RUN: 0d9cad23-0f2b-4ba2-a826-036b8b67e3bb